 Dungeon Crawl Stone Soup version 0.24.0-28-g17ded55e90 (webtiles) character file.

Game seed: 13690739543728805083, levelgen mode: deterministic

3408 Nattfarinn the Summoner (level 10, -3/66 HPs)
             Began as a Barachi Summoner on Nov 13, 2019.
             Was a High Priest of Cheibriados.
             Slain by a wolf (10 damage)
             ... led by Grum
             ... on level 8 of the Dungeon.
             The game lasted 00:36:21 (8217 turns).

Nattfarinn the Summoner (Barachi Summoner)          Turns: 8217, Time: 00:36:21

Health: -3/66      AC:  5    Str: 22    XL:     10   Next: 4%
Magic:  21/21      EV: 14    Int: 32    God:    Cheibriados [*****.]
Gold:   254        SH:  7    Dex: 26    Spells: 14/24 levels left

rFire    + . .     SeeInvis .   b - +6 spear (freeze)
rCold    + . .     Gourm    .   i - +0 buckler
rNeg     . . .     Faith    .   B - +2 robe {MR+}
rPois    .         Spirit   .   D - +1 hat {MR+}
rElec    .         Reflect  .   w - scarf {rC+ rF+}
rCorr    .         Harm     .   (no gloves)
MR       ++...                  (no boots)
Stlth    +++.......             o - amulet of magic regeneration
HPRegen  0.21/turn              (no ring)
MPRegen  0.42/turn              (no ring)

@: very slow
A: +LOS, swims, slowness 1, strong legs 1
a: Hop, Bend Time, Temporal Distortion, Slouch, Step From Time, Renounce
Religion


You were on level 8 of the Dungeon.
You worshipped Cheibriados.
Cheibriados was extremely pleased with you.
You were not hungry.

You visited 1 branch of the dungeon, and saw 8 of its levels.

You collected 344 gold pieces.
You spent 90 gold pieces at shops.

Inventory:

Hand Weapons
 b - a +6 spear of freezing (weapon)
Armour
 a - a +0 robe
 d - a +2 helmet
 f - a +1 cloak
 i - a +0 buckler (worn)
 w - a scarf of resistance (worn)
 B - a +2 robe of magic resistance (worn)
 D - a +1 hat of magic resistance (worn)
Jewellery
 k - an uncursed amulet of harm {unknown}
 o - an amulet of magic regeneration (around neck)
 z - an uncursed amulet of guardian spirit {unknown}
Wands
 p - a wand of digging (8)
 u - a wand of polymorph (9)
 y - a wand of enslavement (8)
Scrolls
 e - 4 scrolls of identify
 j - 3 scrolls of remove curse
 m - a scroll of amnesia {unknown}
 r - 5 scrolls of teleportation
 v - 2 scrolls of blinking {unknown}
 x - 2 scrolls of fog {unknown}
Potions
 g - a potion of brilliance {unknown}
 h - 3 potions of heal wounds
 l - a potion of cancellation {unknown}
 n - 6 potions of mutation {unknown}
 q - a potion of berserk rage {unknown}
 s - 3 potions of might {unknown}
 t - 3 potions of curing
 A - 2 potions of lignification {unknown}
 C - a potion of flight {unknown}
Comestibles
 c - 12 rations
 E - 4 chunks of flesh


   Skills:
 * Level 1.5 Fighting
 + Level 2.4 Dodging
 - Level 1.7 Stealth
 - Level 4.0 Shields
 - Level 7.9 Spellcasting
 - Level 13.2 Summonings


You had 14 spell levels left.
You knew the following spells:

 Your Spells              Type           Power        Failure   Level  Hunger
a - Summon Small Mammal   Summ           ####         0%          1    None
b - Call Imp              Summ           #######.     1%          2    None
c - Call Canine Familiar  Summ           #######.     1%          3    None
d - Summon Lightning Spi  Summ/Air       ######..     2%          4    None

Your spell library contained the following spells:

 Spells                   Type           Power        Failure   Level  Hunger
 Summon Guardian Golem    Hex/Summ       ######..     1%          3    None
 Summon Ice Beast         Ice/Summ       ######..     2%          4    None
 Beastly Appendage        Tmut           ##....       3%          1    None
 Sticks to Snakes         Tmut           ##......     6%          2    None
 Spider Form              Tmut/Pois      ##........   12%         3    None
 Ice Form                 Ice/Tmut       ##......     36%         4    None
 Blade Hands              Tmut           ##........   71%         5    ####...


Dungeon Overview and Level Annotations

Branches:
Dungeon (8/15)             Temple (0/1) D:7
   Lair: D:8-11

Altars:
Ashenzari
Cheibriados
Dithmenos
Vehumet

Shops:
D:4 !

Annotations:
D:2 1 runed translucent door, Crazy Yiuf
D:8 Grum


Innate Abilities, Weirdness & Mutations

Shadows flee at your approach. (+LOS)
You can swim through water.
You cover ground slowly.
You can hop short distances.


Message History

Cheibriados appreciates the change of pace.
The wolf barely misses you. The wolf completely misses you.
Grum barely misses you. The wolf barely misses you. The wolf bites you.
Grum hits you from afar with a +1 halberd!
You block the wolf's attack.
Your warg closely misses the wolf.
The wolf barely misses you.
Your warg bites the wolf but does no damage.
Grum misses you. The wolf bites you!
Your warg barely misses the wolf.
The wolf barely misses you.
Your warg closely misses the wolf.
The wolf bites you.
Your warg completely misses the wolf.
Grum barely misses you. The wolf closely misses you.
Casting: Call Canine Familiar (safe; 1% risk of failure)
Confirm with . or Enter, or press ? or * to list all spells.
A metallic apparition takes form in the air.
Your warg closely misses the wolf.
The wolf bites you.
Grum hits you from afar with a +1 halberd!!
* * * LOW HITPOINT WARNING * * *
Your warg closely misses the wolf.
The wolf bites you!
You die...

#### #....
.....#### #..†.#
#.### #.gh## ##.#
###.5# ##..# ##h#
#...# #@# ...#
##.# #..## ###
#..# ##... +.#
#.##
#...######.###.#
#.#.#..##..##..#
##.............##
....###.....####
...## #.....#


You could see Grum, a wolf, a friendly warg and a friendly iron imp.

Vanquished Creatures
  Gastronok (D:8)
  A necrophage (D:8)
  An ice beast (D:5)
  A phantom (D:7)
  An ogre (D:7)
  A wolf (D:8)
  A bullfrog (D:6)
  A scorpion (D:8)
  3 hounds
  3 orc wizards
  A centaur skeleton (D:7)
  2 orc priests
  2 iguanas
  3 worker ants
  A hound zombie (D:5)
  A hound skeleton (D:5)
  7 gnolls
  7 adders
  A shadow imp (D:8)
  An adder skeleton (D:6)
  A worm (D:2)
  A dart slug (D:2)
  2 leopard geckos
  10 orcs
  8 giant cockroaches
  4 hobgoblins
  5 jackals
  2 quokkas
  3 bats
  3 frilled lizards
  2 goblins (D:3)
  9 kobolds
  A leopard gecko skeleton (D:8)
  A quokka zombie (D:7)
  6 rats
98 creatures vanquished.

Vanquished Creatures (collateral kills)
  Erica (D:7)
  An unseen horror (D:7)
  Menkaure (D:4)
  A sky beast (D:8)
  2 black bears
  2 ogres
  A big kobold (D:8)
  A bullfrog (D:3)
  A howler monkey (D:6)
  A crimson imp (D:8)
  A quasit (D:8)
  A jelly (D:8)
  An orc priest (D:3)
  2 iguanas
  5 orc wizards
  2 worker ants
  11 gnolls
  7 adders
  An ooze (D:5)
  3 worms (D:2)
  A dart slug (D:2)
  4 leopard geckos
  18 orcs
  2 giant cockroaches (D:2)
  A goblin (D:1)
  9 hobgoblins
  13 jackals
  6 kobolds
  2 quokkas (D:2)
  A ball python (D:6)
  3 bats
  A frilled lizard (D:1)
  A jackal skeleton (D:4)
  5 rats
113 creatures vanquished.

Grand Total: 211 creatures vanquished

Notes
Turn   | Place    | Note
-------+----------+-------------------------------------------
     0 | D:1      | Nattfarinn the Barachi Summoner began the quest for the
                  | Orb.
     0 | D:1      | Reached XP level 1. HP: 13/13 MP: 3/3
   105 | D:1      | Reached skill level 5 in Summonings
   490 | D:1      | Reached XP level 2. HP: 15/19 MP: 1/5
   494 | D:1      | Learned a level 2 spell: Call Imp
   876 | D:1      | Found a snail-covered altar of Cheibriados.
  1219 | D:1      | Became a worshipper of Cheibriados the Contemplative
  1284 | D:2      | Reached XP level 3. HP: 20/24 MP: 5/7
  1457 | D:2      | Found a shadowy altar of Dithmenos.
  1570 | D:2      | Learned a level 3 spell: Call Canine Familiar
  1658 | D:2      | Reached * piety under Cheibriados
  2094 | D:2      | Found a runed translucent door.
  2095 | D:2      | Noticed Crazy Yiuf
  2351 | D:2      | Reached skill level 6 in Summonings
  2361 | D:2      | Reached XP level 4. HP: 30/30 MP: 2/8
  3218 | D:3      | Reached XP level 5. HP: 35/35 MP: 8/10
  3286 | D:3      | Reached ** piety under Cheibriados
  3292 | D:3      | Reached skill level 1 in Shields
  3323 | D:3      | Reached skill level 7 in Summonings
  3693 | D:3      | Reached XP level 6. HP: 40/41 MP: 11/11
  3708 | D:3      | You fall into a shaft and drop 1 floor!
  3719 | D:4      | Noticed a black bear
  3723 | D:4      | Killed a black bear
  3766 | D:4      | Reached *** piety under Cheibriados
  4166 | D:4      | Found Cikaif's Distillery.
  4168 | D:4      | Bought a potion of curing for 30 gold pieces
  4168 | D:4      | Bought a potion of curing for 30 gold pieces
  4168 | D:4      | Bought a potion of curing for 30 gold pieces
  4204 | D:4      | Reached skill level 8 in Summonings
  4210 | D:4      | Reached XP level 7. HP: 44/46 MP: 13/13
  4225 | D:4      | Noticed Menkaure
  4228 | D:4      | Reached **** piety under Cheibriados
  4231 | D:4      | Killed Menkaure
  4453 | D:4      | You fall into a shaft and drop 2 floors!
  4518 | D:6      | Found a radiant altar of Vehumet.
  4736 | D:6      | Found a shattered altar of Ashenzari.
  5304 | D:5      | Entered Level 5 of the Dungeon
  5530 | D:5      | Reached skill level 9 in Summonings
  5899 | D:5      | Reached skill level 5 in Spellcasting
  5899 | D:5      | Reached XP level 8. HP: 46/52 MP: 15/15
  6074 | D:5      | Learned a level 4 spell: Summon Lightning Spire
  6130 | D:7      | Killed an unseen horror
  6130 | D:7      | Reached skill level 10 in Summonings
  6229 | D:7      | Found a snail-covered altar of Cheibriados.
  6307 | D:7      | Reached ***** piety under Cheibriados
  6550 | D:7      | Found a staircase to the Ecumenical Temple.
  7698 | D:8      | Reached skill level 11 in Summonings
  7699 | D:8      | Reached XP level 9. HP: 57/57 MP: 14/18
  7830 | D:8      | Noticed Erica
  7913 | D:8      | Noticed Gastronok
  7929 | D:8      | Killed Gastronok
  7929 | D:8      | Reached skill level 12 in Summonings
  7989 | D:7      | Killed Erica
  7989 | D:7      | Reached skill level 13 in Summonings
  7989 | D:7      | Reached XP level 10. HP: 37/63 MP: 15/21
  8201 | D:8      | Noticed Grum
  8208 | D:8      | Reached skill level 1 in Fighting
  8217 | D:8      | Slain by a wolf

Levels and vault maps discovered:
D:1:      shiori_shiawase, layout_basic, minmay_misc_feat_x, cheibriados_altar_1
D:2:      layout_basic, old_standard_altar, uniq_crazy_yiuf_cottage
D:3:      kennysheep_six_static_rooms, layout_basic, overflow_temple_1_default
D:4:      layout_cave_pools, first_ration, serial_shops, shop, uniq_menkaure
D:5:      layout_loops_ring, nrook_mini_backslash, minmay_puff
D:6:      layout_basic, fiery_altar_vehumet, lemuel_doored_altar,
          portal_sewer_entry_b
D:7:      layout_loops_corners, minmay_temple_entry_glass, basic_altar
D:8:      layout_rooms, gammafunk_temple_overflow_elements, serial_shops, shop,
          the_bakery, kennysheep_generic_room_13, uniq_gastronok, uniq_grum,
          uniq_erica

Skill      XL: |  1  2  3  4  5  6  7  8  9 10 |
---------------+-------------------------------+-----
Summonings     | 5 6 7 8 9 11 13 | 13.2
Spellcasting   | 3 4 5 6 7 |  7.9
Shields        | 1 2 3 4 |  4.0
Fighting       | 1 |  1.5
Dodging        | |  2.4
Stealth        | |  1.7

Action                   |  1- 3 |  4- 6 |  7- 9 | 10-12 || total
-------------------------+-------+-------+-------+-------++-------
Melee: Dagger            |   137 |    50 |       |       ||   187
       Unarmed           |     2 |       |       |       ||     2
       Spear             |       |    90 |   197 |     8 ||   295
 Cast: Summon Small Mamm |    17 |       |       |       ||    17
       Call Imp          |    13 |    21 |    17 |     1 ||    52
       Call Canine Famil |     4 |    13 |    15 |     1 ||    33
  Use: Scroll            |     2 |     1 |     7 |       ||    10
       Potion            |     1 |       |       |       ||     1
 Stab: Distracted        |     1 |     2 |     8 |       ||    11
       Sleeping          |       |     2 |     5 |       ||     7
  Eat: Chunk             |     6 |     4 |     8 |       ||    18
Armor: Robe              |    59 |    41 |    32 |     5 ||   137
Dodge: Dodged            |   121 |   111 |    71 |    16 ||   319
Block: Buckler           |     8 |    31 |    37 |     7 ||    83
